 Dungeon Crawl Stone Soup version 0.31-a0-691-g409c26aa35 (webtiles) character file.

Game seed: 5107785122289162549

433 qw the Shooter (level 7, 0/43 HPs)
             Began as a Gargoyle Hunter on Sept 6, 2023.
             Slain by a water moccasin (3 damage)
             ... on level 5 of the Dungeon.
             The game lasted 00:01:19 (3589 turns).

qw the Shooter (Gargoyle Hunter)                    Turns: 3589, Time: 00:01:19

Health: 0/43       AC: 10    Str: 21    XL:     7   Next: 0%
Magic:  7/7        EV: 11    Int:  9    God:
Gold:   60         SH:  0    Dex: 15    Spells: 6/6 levels left

rFire   . . .        Y - +1 shortbow
rCold   . . .        (shield currently unavailable)
rNeg    + . .        b - +0 ring mail
rPois   inf          (no helmet)
rElec   +            (no cloak)
rCorr   .            (no gloves)
SInv    .            (no boots)
Will    .....        (no amulet)
Stlth   +            f - +6 ring of strength
HPRegen 0.27/turn    (no ring)
MPRegen 0.10/turn

%: no passive effects
@: no status effects
A: sickness immunity, AC +4, negative energy resistance 1, electricity
resistance, torment resistance 1, petrification resistance
a: no special abilities


You were on level 5 of the Dungeon.
You visited 1 branch of the dungeon, and saw 5 of its levels.

You collected 313 gold pieces.
You spent 253 gold pieces at shops.


Innate Abilities, Weirdness & Mutations

You are immune to sickness and miasma.
Your stone body is resilient. (AC +4)
You are immune to poison.
You resist negative energy. (rN+)
You are resistant to electric shocks. (rElec)
You are resistant to unholy torment.
You are immune to petrification.


   Skills:
 - Level 4.0 Fighting
 + Level 7.2 Ranged Weapons
 - Level 1.5 Armour
 - Level 1.5 Dodging
 - Level 1.1 Stealth


You had 6 spell levels left.
You didn't know any spells.
Your spell library was empty.

Inventory:

Hand Weapons
 Y - a +1 shortbow (weapon)
Armour
 b - a +0 ring mail (worn)
Jewellery
 f - a +6 ring of strength (left hand)
Scrolls
 d - 2 scrolls of identify
Potions
 e - a potion of cancellation
 i - 3 potions of might
 j - a potion of enlightenment
 k - 3 potions of curing
 l - a potion of mutation

Dungeon Overview and Level Annotations

Branches:
Dungeon (5/15)
 Temple: D:4-7

Altars:
Cheibriados
Nemelex Xobeh
Sif Muna

Shops:
D:3 !


Message History

The iguana bites you!
You shoot an arrow. The arrow hits the iguana.
The iguana is moderately wounded.
The iguana bites you!
You shoot an arrow. The arrow hits the iguana!
The iguana is severely wounded.
The iguana bites you.
You shoot an arrow. The arrow hits the iguana.
The iguana is severely wounded.
The iguana barely misses you.
You shoot an arrow.
The arrow hits the iguana but does no damage.
The iguana is severely wounded.
The iguana bites you. The iguana bites you!
3583 ||| READING scroll of teleportation.
As you read the scroll of teleportation, it crumbles to dust.
You feel strangely unstable. The iguana bites you.
You shoot an arrow. The arrow hits the iguana!
You kill the iguana!
You have reached level 7!
3585 ||| STAIRDANCE You stop ascending the stairs.
Your surroundings suddenly seem different.
A water moccasin comes into view.
Found three items.
The water moccasin hisses angrily.
The water moccasin bites you but does no damage.
You shoot an arrow. The arrow misses the water moccasin.
The water moccasin bites you. The water moccasin closely misses you.
You shoot an arrow.
The arrow barely misses the water moccasin.
The water moccasin closely misses you. x2
You shoot an arrow.
The arrow hits the water moccasin but does no damage.
The water moccasin bites you but does no damage.
You shoot an arrow. The arrow hits the water moccasin!
The water moccasin is moderately wounded.
The water moccasin bites you.
You die...

#.#.#?...###
..........##.
##.#....?..)..
#.............
.............
##...........
###...S.......#
.......@.....#
...##.......##
##.........
#.......#.
#.......#
#...)......
#......... ##.
.......... ...
...... .##.#


You could see a water moccasin.

Vanquished Creatures
  A phantom (D:4)
  2 hounds (D:4)
  A jelly (D:3)
  An iguana (D:5)
  A sleepcap (D:4)
  An orc wizard (D:3)
  Terence (D:3)
  4 gnolls (D:4)
  4 adders
  2 worms (D:3)
  3 dart slugs
  3 orcs (D:3)
  6 ball pythons
  10 endoplasms
  5 giant cockroaches
  8 goblins
  6 hobgoblins
  5 bats
  3 frilled lizards
  7 kobolds
  6 rats
80 creatures vanquished.

Notes
Turn   | Place    | Note
-------+----------+-------------------------------------------
     0 | D:1      | qw the Gargoyle Hunter began the quest for the Orb.
     0 | D:1      | Reached XP level 1. HP: 12/12 MP: 1/1
     0 | D:1      | 0 ||| qw: Version: 0.3-a-76-g4403597
     0 | D:1      | 0 ||| qw: Game counter: 28
     0 | D:1      | 0 ||| qw: Melee chars always use a shield: true
     0 | D:1      | 0 ||| qw: God list: Okawaru
     0 | D:1      | 0 ||| qw: Allow faded altars: false
     0 | D:1      | 0 ||| qw: Do Orc after clearing Dungeon:15 true
     0 | D:1      | 0 ||| qw: Do second Lair branch before Depths: true
     0 | D:1      | 0 ||| qw: Lair rune preference: random
     0 | D:1      | 0 ||| qw: Goals: Normal
     0 | D:1      | 0 ||| PLANNING D:1-11
    86 | D:1      | Reached XP level 2. HP: 17/17 MP: 2/2
   654 | D:1      | 654 ||| READING 2 scrolls labelled GAUZIE EMOIS.
   655 | D:1      | 655 ||| READING scroll labelled YMECYV UTEI.
   656 | D:1      | 656 ||| READING scroll labelled KOESEF DOITS.
   657 | D:1      | 657 ||| READING scroll labelled DEVOOTZ ZYESSU.
   658 | D:1      | 658 ||| READING scroll labelled WEOZAI DUMISIG.
   659 | D:1      | 659 ||| DRINKING 2 glowing red potions.
   660 | D:1      | 660 ||| DROPPING scroll of noise.
   661 | D:1      | 661 ||| DROPPING scroll of butterflies.
   706 | D:2      | Reached XP level 3. HP: 21/21 MP: 3/3
   722 | D:2      | Reached skill level 5 in Ranged Weapons
   916 | D:2      | Reached skill level 3 in Fighting
   916 | D:2      | Reached XP level 4. HP: 28/28 MP: 4/4
  1283 | D:2      | 1283 ||| UPGRADING to +6 ring of strength.
  1284 | D:2      | 1284 ||| READING scroll labelled DIUZES SUULAR.
  1285 | D:2      | 1285 ||| READING scroll labelled ISUCOI ZUSHRAECS.
  1289 | D:2      | 1289 ||| DRINKING 3 smoky ruby potions.
  1466 | D:3      | Found a sparkling altar of Nemelex Xobeh.
  1606 | D:3      | 1606 ||| DRINKING 2 potions of curing.
  1606 | D:3      | 1606 ||| (to cure confusion)
  1632 | D:3      | Reached XP level 5. HP: 32/32 MP: 5/5
  1855 | D:3      | Found a shimmering blue altar of Sif Muna.
  1919 | D:3      | Reached skill level 6 in Ranged Weapons
  1929 | D:3      | Noticed Terence
  1935 | D:3      | Killed Terence
  2037 | D:3      | Found Wownaz's Distillery.
  2047 | D:3      | 2047 ||| BUYING 2 potions of might (88 gold).
  2047 | D:3      | Bought 2 potions of might for 88 gold pieces
  2047 | D:3      | 2047 ||| BUYING potion of curing (33 gold).
  2047 | D:3      | Bought a potion of curing for 33 gold pieces
  2047 | D:3      | 2047 ||| BUYING potion of curing (33 gold).
  2047 | D:3      | Bought a potion of curing for 33 gold pieces
  2047 | D:3      | 2047 ||| BUYING potion of enlightenment (55 gold).
  2047 | D:3      | Bought a potion of enlightenment for 55 gold pieces
  2047 | D:3      | 2047 ||| SHOPLISTING potion of haste (110 gold, have 44).
  2047 | D:3      | 2047 ||| SHOPLISTING potion of heal wounds (55 gold, have
                  | 44).
  2047 | D:3      | 2047 ||| BUYING potion of might (44 gold).
  2047 | D:3      | Bought a potion of might for 44 gold pieces
  2269 | D:3      | 2269 ||| UPGRADING to +0 ring mail.
  2279 | D:3      | 2279 ||| DROPPING +0 leather armour.
  2280 | D:3      | 2280 ||| READING 4 scrolls of identify.
  2280 | D:3      | 2280 ||| IDENTIFYING emerald potion
  2281 | D:3      | 2281 ||| READING 3 scrolls of identify.
  2281 | D:3      | 2281 ||| IDENTIFYING fuming ruby potion
  2282 | D:3      | 2282 ||| READING 2 scrolls of identify.
  2282 | D:3      | 2282 ||| IDENTIFYING sedimented black potion
  2283 | D:3      | 2283 ||| DROPPING potion of brilliance.
  2525 | D:4      | Reached skill level 1 in Armour
  2746 | D:4      | Reached XP level 6. HP: 35/38 MP: 6/6
  2971 | D:4      | Found a snail-covered altar of Cheibriados.
  3046 | D:4      | 3046 ||| Stepping ~*~*~tactically~*~*~ (outnumbered).
  3052 | D:4      | Reached skill level 7 in Ranged Weapons
  3484 | D:4      | 3484 ||| READING scroll labelled JUOSKA ASAOG.
  3520 | D:5      | Entered Level 5 of the Dungeon
  3520 | D:5      | Noticed a water moccasin
  3521 | D:5      | 3521 ||| STAIRDANCE
  3527 | D:4      | HP: 5/38 [gnoll sergeant/+5 trident of venom (7)]
  3528 | D:4      | 3528 ||| READING 2 scrolls of teleportation.
  3529 | D:4      | 3529 ||| DRINKING 2 potions of heal wounds.
  3531 | D:4      | 3531 ||| DRINKING potion of heal wounds.
  3582 | D:5      | HP: 4/38 [iguana (8)]
  3583 | D:5      | 3583 ||| READING scroll of teleportation.
  3585 | D:5      | Reached XP level 7. HP: 3/43 MP: 7/7
  3585 | D:5      | 3585 ||| STAIRDANCE
  3589 | D:5      | Slain by a water moccasin

Levels and vault maps discovered:
D:1:      dpeg_arrival_pits, layout_loops_ring
D:2:      layout_basic, minmay_hexomino_f4
D:3:      layout_loops_corners, lemuel_blue_sif_altar,
          mainiacjoe_overflow_alcove_2, serial_shops, nicolae_lakefront_shop,
          uniq_terence
D:4:      layout_layer_cave, cheibriados_altar_1
D:5:      layout_cave_pools, riverfiend_overflow_shadow_ancestor,
          okawaru_ov_weapons_minmay, minmay_temple_entry_slanted, serial_shops,
          shop, minmay_divided_ellipse

Skill      XL: |  1  2  3  4  5  6 |
---------------+-------------------+-----
Ranged Weapons | 5 6 7 |  7.2
Fighting       | 3 4 |  4.0
Armour         | 1 |  1.5
Dodging        | |  1.5
Stealth        | |  1.1

Action                     |  1- 3 |  4- 6 |  7- 9 || total
---------------------------+-------+-------+-------++-------
   Fire: Shortbow          |    69 |   254 |     4 ||   327
    Use: Scroll            |     5 |     8 |       ||    13
         Potion            |     1 |     4 |       ||     5
 Armour: Leather armour    |    14 |    32 |       ||    46
         Ring mail         |       |    67 |     4 ||    71
  Dodge: Dodged            |    13 |    78 |     3 ||    94

Table legend:
 A = Non-vault XP
 B = Vault XP
 C = Vault XP percentage of total XP
 D = Non-vault monster count
 E = Vault monster count
 F = Vault count percentage of total count
                 A         B        C        D         E       F
            +---------+---------+-------+---------+---------+-------
      Total |     581 |      38 |   6.1 |      75 |       5 |   6.2
            +---------+---------+-------+---------+---------+-------
        D:1 |      31 |       0 |   0.0 |      19 |       0 |   0.0
        D:2 |      75 |       6 |   7.4 |      22 |       4 |  15.4
        D:3 |     122 |      32 |  20.8 |      20 |       1 |   4.8
        D:4 |     314 |       0 |   0.0 |      13 |       0 |   0.0
        D:5 |      39 |       0 |   0.0 |       1 |       0 |   0.0
            +---------+---------+-------+---------+---------+-------
